 Dungeon Crawl Stone Soup version 0.22-a0-305-gd21a89c (webtiles) character file.

158 Amnesiac the Cutter (level 5, -2/32 HPs)
             Began as a Kobold Fighter on Mar 31, 2018.
             Slain by Eustachio
             ... wielding a +0 rapier
              (7 damage)
             ... on level 4 of the Dungeon.
             The game lasted 00:01:13 (374 turns).

Amnesiac the Cutter (Kobold Fighter)                 Turns: 374, Time: 00:01:14

Health: -2/32      AC:  6    Str: 19      XL:     5   Next: 67%
Magic:  5/5        EV: 10    Int: 10      God:
Gold:   28         SH: 10    Dex: 13 (14) Spells: 4/4 levels left

rFire    . . .     SeeInvis .   a - +0 rapier
rCold    . . .     Gourm    .   c - +1 shield
rNeg     . . .     Faith    .   b - +0 scale mail
rPois    .         Spirit   .   (no helmet)
rElec    .         Reflect  .   (no cloak)
rCorr    .         Harm     .   (no gloves)
MR       .....                  (no boots)
Stlth    ..........             (no amulet)
HPRegen  0.10/turn              (no ring)
MPRegen  0.09/turn              (no ring)

@: mighty
A: small, carnivore
a: no special abilities


You were on level 4 of the Dungeon.
You were very full.

You visited 1 branch of the dungeon, and saw 4 of its levels.

You collected 28 gold pieces.

Inventory:

Hand Weapons
 a - a +0 rapier (weapon)
Armour
 b - a +0 scale mail (worn)
 c - a +1 shield (worn)
Comestibles
 f - 3 rations
 g - 2 chunks of flesh


   Skills:
 - Level 3.2 Fighting
 * Level 6.1 Short Blades
 - Level 2.4 Armour
 - Level 3.1 Dodging
 - Level 2.4 Shields


You had 4 spell levels left.
You didn't know any spells.

Dungeon Overview and Level Annotations

Branches:
Dungeon (4/15)
 Temple: D:4-7

Altars:

Annotations:
D:3 Amnesiac's ghost, weakling KoFi
D:4 Eustachio


Innate Abilities, Weirdness & Mutations

You are small and have problems with some larger weapons.
You are carnivorous and can eat meat at any time.


Message History

You puncture the river rat!
You kill the river rat!
The river rat's corpse disappears in a puff of smoke!
The bat hits you but does no damage. x2; The quasit bites you.
* * * LOW HITPOINT WARNING * * *
You feel clumsy.
The quasit claws you but does no damage. x2
You block Eustachio's attack.
You puncture the bat!
You kill the bat!
The bat's corpse disappears in a puff of smoke!
You block the quasit's attack. The quasit closely misses you.
You block the quasit's attack. The quasit bites you.
* * * LOW HITPOINT WARNING * * *
The quasit barely misses you. You block the quasit's attack.
You block Eustachio's attack. The rat bites you.
* * * LOW HITPOINT WARNING * * *
The white imp hits you but does no damage.
The rat bites you.
* * * LOW HITPOINT WARNING * * *
There is an open door here.
You miss the quasit. You block the quasit's attack.
The quasit claws you but does no damage.
The quasit closely misses you. You block the quasit's attack.
The quasit claws you but does no damage. x2
The orc wizard mumbles some strange words.
The orc wizard blinks!
Items here: )) [ †† a club; a flail; a ring mail; an orc corpse x2
The white imp lashes its tail.
Items here: ))))) [[ †† You block the quasit's attack.
The quasit claws you but does no damage.
You block the quasit's attack.
You hit the quasit.
The quasit is moderately wounded.
You block the quasit's attack. x3; The quasit bites you.
* * * LOW HITPOINT WARNING * * *
The quasit claws you but does no damage. x2
Eustachio gestures wildly while chanting.
An orc comes into view. It is wielding a falchion.
You closely miss the quasit.
The quasit is moderately wounded.
The orc shouts!
You block the quasit's attack. The quasit claws you.
* * * LOW HITPOINT WARNING * * *
You block the quasit's attack.
An orc comes into view.
You hit the quasit.
The quasit is severely wounded.
The quasit bites you but does no damage.
The quasit barely misses you. x2
You puncture the quasit!
You kill the quasit!
The white imp shouts, "Fly, thou pottle-deep beef-witted clack-dish!"
You block Eustachio's attack.
You impale Eustachio!!
Eustachio is severely wounded.
You closely miss Eustachio.
Eustachio is severely wounded.
The white imp disappears in a puff of smoke!
Eustachio hits you with a rapier!
You die...

#########
#.......#######
#......or.5.r§#
#.......#####b#
###+#...# #@#
#.#.#####@#
#.#.#..<#.#
#.......#o#
#....#.#.#.#.# .#
##.
.#.#.#.#o#...##
............r....
#.#.#..o#....##..
..............+
.#.#...##...#.##


You could see Eustachio, 2 orcs, a bat and a rat.

Vanquished Creatures
  An ogre (D:4)
  A hound (D:4)
  A hound skeleton (D:4)
  10 orcs
  2 bats
  3 goblins
  A frilled lizard (D:2)
  3 rats
22 creatures vanquished.

Notes
Turn   | Place    | Note
-------+----------+-------------------------------------------
     0 | D:1      | Amnesiac the Kobold Fighter began the quest for the Orb.
     0 | D:1      | Reached XP level 1. HP: 14/14 MP: 1/1
    23 | D:1      | Reached skill level 3 in Short Blades
    78 | D:2      | Reached XP level 2. HP: 19/19 MP: 2/2
   124 | D:2      | Reached skill level 1 in Dodging
   278 | D:3      | Noticed Amnesiac's ghost (weakling KoFi)
   293 | D:4      | Noticed an ogre
   300 | D:4      | Noticed Eustachio
   317 | D:4      | Reached skill level 4 in Short Blades
   317 | D:4      | Reached XP level 3. HP: 21/23 MP: 3/3
   320 | D:4      | Reached XP level 4. HP: 26/28 MP: 4/4
   325 | D:4      | Killed an ogre
   325 | D:4      | Reached skill level 5 in Short Blades
   325 | D:4      | Reached XP level 5. HP: 30/32 MP: 5/5
   332 | D:4      | Reached skill level 6 in Short Blades
   374 | D:4      | Slain by Eustachio

Vault maps used:
D:1:      dpeg_arrival_water_altar, moated_statue
D:2:      nemelex_xobeh_ov_fountains_minmay, grunt_temple_overflow_diamond
D:3:      minmay_misc_feat_doors
D:4:      tso_oasis_becter, fiery_altar_vehumet, st_stairs_7, uniq_natasha,
          uniq_eustachio

Skill      XL: |  1  2  3  4  5 |
---------------+----------------+-----
Short Blades   | 3 4 5 6 |  6.1
Dodging        | 1 2 3 |  3.1
Fighting       | |  3.2
Armour         | |  2.4
Shields        | |  2.4

Action                   |  1- 3 |  4- 6 || total
-------------------------+-------+-------++-------
Melee: Rapier            |    35 |    40 ||    75
  Use: Scroll            |     2 |       ||     2
       Potion            |     2 |       ||     2
  Eat: Chunk             |     6 |       ||     6
Armor: Scale mail        |    17 |    17 ||    34
Dodge: Dodged            |    12 |    19 ||    31
Block: Shield            |    27 |    35 ||    62

Table legend:
 A = Spawn XP
 B = Non-spawn XP
 C = Spawn XP percentage of total XP
 D = Spawn monster count
 E = Non-spawn monster count
 F = Spawn count percentage of total count
 G = Total turns spent on level
                    A         B        C        D         E        F      G
               +---------+---------+-------+---------+---------+-------+---------
         Total |       0 |     227 |   0.0 |       0 |      22 |   0.0 |   374
               +---------+---------+-------+---------+---------+-------+---------
           D:1 |       0 |       7 |   0.0 |       0 |       4 |   0.0 |    76
           D:2 |       0 |       4 |   0.0 |       0 |       3 |   0.0 |    72
           D:3 |       0 |       6 |   0.0 |       0 |       3 |   0.0 |   145
           D:4 |       0 |     210 |   0.0 |       0 |      12 |   0.0 |    81
               +---------+---------+-------+---------+---------+-------+---------
